[ AOE2 MATCH · #504641330 ]
UnrankedPersians vs Teutons
Player's team · WIN
Rival team · LOSS
[ REPLAY ANALYSIS · EXTRACTED FROM THE RECORDED GAME ]
Feudal
10:29
Castle
21:44
Imperial
—
| APM avg | 65.2 |
| APM peak | 110 |
| eAPM avg | 24.4 |
| Villagers / military | 62 / 20 |
Focus
⚔️ 25.5% · 🌾 74.5%
Knight ×12 · Scout Cavalry ×4 · Militia ×3 · Camel Scout ×1
Feudal
11:56
Castle
22:49
Imperial
—
| APM avg | 43.0 |
| APM peak | 80 |
| eAPM avg | 24.7 |
| Villagers / military | 58 / 14 |
Focus
⚔️ 17.1% · 🌾 82.9%
Spearman ×11 · Archer ×3
Match map
Initial resources + every placement click. Lines = walls · curves = elevation contours. ◆ gold · ⬟ stone · ● berries · ✦ relic · ◌ wall gap
Your base· Open — 5t gap
Hellen116452's base· Open — unwalled flank
Smoothed initial terrain · ◌ = detected wall gap · hover for details
Inputs per minute
— pablo.isaza - - Hellen116452
Build order — pablo.isaza
148 actions detected in the replay
| 0:01 | Create | Villager (Male) |
| 0:01 | Create | Villager (Male) |
| 0:02 | Create | Villager (Male) |
| 0:02 | Build | House |
| 0:04 | Build | House |
| 0:35 | Create | Villager (Male) |
| 0:48 | Create | Villager (Male) |
| 1:25 | Create | Villager (Male) |
| 1:25 | Create | Villager (Male) |
| 1:59 | Build | Lumber Camp |
| 2:18 | Create | Villager (Male) |
| 2:18 | Create | Villager (Male) |
| 2:43 | Create | Villager (Male) |
| 3:09 | Create | Villager (Male) |
| 3:09 | Create | Villager (Male) |
| 3:10 | Create | Villager (Male) |
| 3:10 | Create | Villager (Male) |
| 3:11 | Create | Villager (Male) |
| 3:53 | Create | Villager (Male) |
| 3:53 | Create | Villager (Male) |
| 4:02 | Build | House |
| 4:06 | Create | Villager (Male) |
| 4:06 | Create | Villager (Male) |
| 4:15 | Create | Villager (Male) |
| 4:16 | Create | Villager (Male) |
| 4:22 | Build | Barracks |
| 4:51 | Create | Villager (Male) |
| 4:53 | Create | Villager (Male) |
| 5:00 | Build | House |
| 5:21 | Create | Militia |
| 5:21 | Create | Militia |
| 5:42 | Create | Villager (Male) |
| 5:52 | Create | Militia |
| 6:24 | Create | Villager (Male) |
| 6:26 | Create | Villager (Male) |
| 6:35 | Create | Villager (Male) |
| 6:48 | Build | Mill |
| 6:53 | Research | Loom |
| 6:54 | Research | Loom |
| 8:25 | Research | Feudal Age |
| 8:25 | Research | Feudal Age |
| 8:38 | Build | Mill |
| 9:57 | Build | House |
| 9:57 | Build | House |
| 10:02 | Create | Villager (Male) |
| 10:29 | Age | Feudal Age |
| 10:29 | Research | Man-at-Arms (upgrade) |
| 10:30 | Research | Man-at-Arms (upgrade) |
| 10:32 | Build | Stable |
| 10:41 | Create | Villager (Male) |
| 11:04 | Build | Palisade Wall |
| 11:05 | Create | Scout Cavalry |
| 11:05 | Create | Scout Cavalry |
| 11:08 | Build | Palisade Wall |
| 11:21 | Create | Villager (Male) |
| 11:22 | Create | Villager (Male) |
| 11:31 | Build | Farm |
| 11:31 | Build | Farm |
| 11:32 | Build | Farm |
| 11:32 | Build | Farm |
| 11:32 | Build | Farm |
| 11:33 | Create | Villager (Male) |
| 11:49 | Create | Scout Cavalry |
| 11:54 | Build | House |
| 11:56 | Build | Farm |
| 12:08 | Create | Villager (Male) |
| 12:20 | Create | Scout Cavalry |
| 12:37 | Create | Villager (Male) |
| 12:39 | Build | Farm |
| 12:40 | Build | Farm |
| 12:44 | Build | House |
| 12:47 | Build | Farm |
| 12:56 | Create | Villager (Male) |
| 13:00 | Build | Palisade Wall |
| 13:16 | Create | Villager (Male) |
| 13:42 | Create | Villager (Male) |
| 13:44 | Build | Farm |
| 13:44 | Build | Farm |
| 13:45 | Create | Villager (Male) |
| 13:49 | Build | House |
| 14:14 | Build | Farm |
| 14:25 | Create | Villager (Male) |
| 14:31 | Create | Villager (Male) |
| 14:33 | Build | Farm |
| 14:34 | Create | Villager (Male) |
| 14:37 | Build | House |
| 14:40 | Create | Villager (Male) |
| 15:00 | Create | Villager (Male) |
| 15:07 | Create | Villager (Male) |
| 15:09 | Build | Palisade Wall |
| 15:12 | Build | Palisade Wall |
| 15:15 | Create | Villager (Male) |
| 15:27 | Create | Villager (Male) |
| 15:40 | Create | Villager (Male) |
| 15:47 | Create | Villager (Male) |
| 15:51 | Build | Mining Camp |
| 15:58 | Create | Villager (Male) |
| 16:03 | Build | Palisade Wall |
| 16:20 | Create | Villager (Male) |
| 16:25 | Create | Villager (Male) |
| 16:53 | Build | Market |
| 16:55 | Create | Villager (Male) |
| 17:50 | Create | Villager (Male) |
| 17:53 | Build | Farm |
| 17:53 | Build | Farm |
| 17:53 | Build | Farm |
| 17:54 | Build | Farm |
| 17:54 | Build | Farm |
| 17:57 | Build | Mining Camp |
| 18:17 | Create | Villager (Male) |
| 18:31 | Build | House |
| 18:31 | Build | House |
| 18:51 | Build | Farm |
| 18:55 | Build | House |
| 19:01 | Research | Castle Age |
| 19:01 | Research | Castle Age |
| 19:16 | Build | Stable |
| 19:24 | Research | Horse Collar |
| 19:24 | Research | Horse Collar |
| 19:34 | Build | Farm |
| 19:40 | Research | Double-Bit Axe |
| 19:49 | Build | House |
| 20:20 | Build | Blacksmith |
| 21:14 | Research | Scale Barding Armor |
| 21:20 | Build | House |
| 21:38 | Create | Villager (Male) |
| 21:44 | Age | Castle Age |
| 21:47 | Create | Villager (Male) |
| 21:55 | Create | Villager (Male) |
| 22:02 | Create | Knight |
| 22:02 | Create | Knight |
| 22:02 | Create | Knight |
| 22:03 | Create | Knight |
| 22:03 | Create | Knight |
| 22:03 | Create | Knight |
| 22:07 | Create | Villager (Male) |
| 22:26 | Create | Villager (Male) |
| 22:56 | Create | Knight |
| 22:56 | Create | Knight |
| 22:57 | Create | Camel Scout |
| 23:11 | Create | Villager (Male) |
| 23:20 | Build | Castle |
| 23:31 | Create | Knight |
| 23:32 | Create | Knight |
| 23:47 | Create | Villager (Male) |
| 24:03 | Create | Knight |
| 24:03 | Create | Knight |
| 24:59 | Create | Villager (Male) |
Build order — Hellen116452
143 actions detected in the replay
| 0:02 | Create | Villager (Male) |
| 0:02 | Create | Villager (Male) |
| 0:02 | Create | Villager (Male) |
| 0:02 | Create | Villager (Male) |
| 0:03 | Create | Villager (Male) |
| 0:04 | Build | House |
| 0:06 | Build | House |
| 1:37 | Create | Villager (Male) |
| 2:00 | Build | Lumber Camp |
| 2:07 | Create | Villager (Male) |
| 2:07 | Create | Villager (Male) |
| 2:29 | Create | Villager (Male) |
| 2:48 | Create | Villager (Male) |
| 2:57 | Build | House |
| 3:07 | Create | Villager (Male) |
| 3:07 | Create | Villager (Male) |
| 3:39 | Create | Villager (Male) |
| 3:40 | Create | Villager (Male) |
| 4:08 | Create | Villager (Male) |
| 4:09 | Create | Villager (Male) |
| 4:19 | Build | Mill |
| 4:27 | Create | Villager (Male) |
| 4:28 | Create | Villager (Male) |
| 4:39 | Build | House |
| 4:41 | Build | Palisade Wall |
| 4:48 | Create | Villager (Male) |
| 5:12 | Create | Villager (Male) |
| 5:13 | Create | Villager (Male) |
| 5:38 | Create | Villager (Male) |
| 6:00 | Create | Villager (Male) |
| 6:00 | Create | Villager (Male) |
| 6:20 | Build | Mill |
| 6:26 | Create | Villager (Male) |
| 7:22 | Research | Loom |
| 7:51 | Build | House |
| 7:53 | Build | House |
| 8:02 | Create | Villager (Male) |
| 8:02 | Create | Villager (Male) |
| 8:27 | Build | Mining Camp |
| 8:54 | Build | Palisade Wall |
| 9:02 | Build | Palisade Wall |
| 9:04 | Build | Palisade Wall |
| 9:42 | Create | Villager (Male) |
| 9:42 | Create | Villager (Male) |
| 9:46 | Research | Feudal Age |
| 9:56 | Build | Mining Camp |
| 10:18 | Build | Barracks |
| 10:31 | Create | Villager (Male) |
| 10:31 | Create | Villager (Male) |
| 10:49 | Build | Palisade Wall |
| 11:19 | Create | Villager (Male) |
| 11:19 | Create | Villager (Male) |
| 11:22 | Build | House |
| 11:40 | Build | Palisade Wall |
| 11:41 | Build | Palisade Wall |
| 11:45 | Create | Villager (Male) |
| 11:46 | Create | Villager (Male) |
| 11:52 | Build | Palisade Wall |
| 11:54 | Build | Palisade Wall |
| 11:56 | Age | Feudal Age |
| 12:02 | Build | Watch Tower |
| 12:07 | Create | Villager (Male) |
| 12:08 | Create | Villager (Male) |
| 12:09 | Build | Farm |
| 12:11 | Build | Farm |
| 12:13 | Build | Farm |
| 12:20 | Build | Palisade Wall |
| 12:30 | Build | Farm |
| 12:42 | Create | Spearman |
| 12:47 | Build | Farm |
| 12:48 | Build | Farm |
| 12:48 | Build | Farm |
| 12:48 | Build | Farm |
| 12:48 | Build | Farm |
| 12:59 | Create | Villager (Male) |
| 13:14 | Create | Spearman |
| 13:20 | Build | Palisade Wall |
| 13:22 | Build | Palisade Wall |
| 13:40 | Build | Palisade Wall |
| 13:41 | Build | Palisade Wall |
| 13:43 | Create | Villager (Male) |
| 13:51 | Build | Farm |
| 13:53 | Build | Farm |
| 14:12 | Create | Spearman |
| 14:20 | Build | Farm |
| 14:32 | Build | Palisade Wall |
| 14:36 | Build | House |
| 14:40 | Build | House |
| 14:49 | Create | Villager (Male) |
| 14:49 | Create | Villager (Male) |
| 15:05 | Create | Spearman |
| 15:07 | Build | Farm |
| 15:08 | Build | Farm |
| 15:09 | Create | Villager (Male) |
| 15:12 | Build | Palisade Wall |
| 15:42 | Create | Villager (Male) |
| 15:57 | Build | House |
| 15:59 | Build | Palisade Wall |
| 16:25 | Create | Villager (Male) |
| 16:25 | Create | Villager (Male) |
| 16:34 | Build | Watch Tower |
| 16:41 | Create | Villager (Male) |
| 16:56 | Research | Horse Collar |
| 16:57 | Research | Double-Bit Axe |
| 17:16 | Build | House |
| 17:26 | Create | Spearman |
| 17:44 | Create | Spearman |
| 17:52 | Create | Villager (Male) |
| 17:52 | Create | Villager (Male) |
| 18:01 | Build | Farm |
| 18:20 | Create | Villager (Male) |
| 18:26 | Build | House |
| 18:29 | Build | Palisade Wall |
| 18:37 | Build | Palisade Wall |
| 18:42 | Create | Villager (Male) |
| 18:47 | Build | Market |
| 18:58 | Create | Villager (Male) |
| 19:13 | Build | Archery Range |
| 19:52 | Build | House |
| 20:09 | Research | Castle Age |
| 20:14 | Create | Archer |
| 20:15 | Create | Archer |
| 20:54 | Research | Gold Mining |
| 21:16 | Create | Archer |
| 21:38 | Create | Spearman |
| 21:39 | Create | Spearman |
| 22:07 | Build | House |
| 22:09 | Build | Outpost |
| 22:16 | Build | Outpost |
| 22:40 | Build | Blacksmith |
| 22:49 | Age | Castle Age |
| 23:06 | Build | Town Center |
| 23:36 | Create | Spearman |
| 23:37 | Create | Spearman |
| 23:37 | Create | Spearman |
| 23:41 | Build | Watch Tower |
| 23:46 | Create | Villager (Male) |
| 23:47 | Create | Villager (Male) |
| 23:47 | Create | Villager (Male) |
| 23:49 | Create | Villager (Male) |
| 23:50 | Create | Villager (Male) |
| 23:59 | Create | Villager (Male) |
| 24:45 | Create | Villager (Male) |
Match timeline
| 4:22 | pablo.isaza · first_building Barracks |
| 4:41 | Hellen116452 · wall_segment Palisade Wall x1 |
| 8:54 | Hellen116452 · wall_segment Palisade Wall x5 |
| 9:02 | Hellen116452 · wall_segment Palisade Wall x1 |
| 9:04 | Hellen116452 · wall_segment Palisade Wall x3 |
| 10:18 | Hellen116452 · first_building Barracks |
| 10:29 | pablo.isaza · age_up feudal |
| 10:32 | pablo.isaza · first_building Stable |
| 10:49 | Hellen116452 · wall_segment Palisade Wall x10 |
| 11:04 | pablo.isaza · wall_segment Palisade Wall x3 |
| 11:08 | pablo.isaza · wall_segment Palisade Wall x3 |
| 11:40 | Hellen116452 · wall_segment Palisade Wall x1 |
| 11:41 | Hellen116452 · wall_segment Palisade Wall x1 |
| 11:52 | Hellen116452 · wall_segment Palisade Wall x1 |
| 11:54 | Hellen116452 · wall_segment Palisade Wall x1 |
| 11:56 | Hellen116452 · age_up feudal |
| 12:20 | Hellen116452 · wall_segment Palisade Wall x6 |
| 13:00 | pablo.isaza · wall_segment Palisade Wall x11 |
| 13:20 | Hellen116452 · wall_segment Palisade Wall x1 |
| 13:22 | Hellen116452 · wall_segment Palisade Wall x1 |
| 13:40 | Hellen116452 · wall_segment Palisade Wall x1 |
| 13:41 | Hellen116452 · wall_segment Palisade Wall x1 |
| 14:32 | Hellen116452 · wall_segment Palisade Wall x1 |
| 15:09 | pablo.isaza · wall_segment Palisade Wall x3 |
| 15:12 | pablo.isaza · wall_segment Palisade Wall x8 |
| 15:12 | Hellen116452 · wall_segment Palisade Wall x2 |
| 15:59 | Hellen116452 · wall_segment Palisade Wall x1 |
| 16:03 | pablo.isaza · wall_segment Palisade Wall x4 |
| 18:29 | Hellen116452 · wall_segment Palisade Wall x4 |
| 18:37 | Hellen116452 · wall_segment Palisade Wall x1 |
| 19:13 | Hellen116452 · first_building Archery Range |
| 20:02 | Hellen116452 · first_market_buy 100 food |
| 20:05 | Hellen116452 · first_market_sell 100 wood |
| 21:44 | pablo.isaza · age_up castle |
| 22:49 | Hellen116452 · age_up castle |
| 23:11 | pablo.isaza · first_market_buy 100 stone |
| 23:20 | pablo.isaza · first_building Castle |
| 25:01 | Hellen116452 · resign |
[ AI ANALYSIS · 1 CREDIT ]
What really happened in this match?
Wolo.gg analyzes every decision: build order, eco, micro, common mistakes by bracket. Personalized analysis on WhatsApp or Discord in 30 seconds.
Civ guide
Persians
Perfil
Jugador #5357515